Sabres vs Canucks

Created - 5 janvier 2018 at 17:32

Goals
1 2 3 T
Sabres 1 1 1 3
Canucks 2 1 1 4
Shots
1 2 3 T
Sabres 17 6 12 35
Canucks 12 8 11 31

1st period

1. Canucks , Jonathan Marchessault 13 (Adam Henrique 14) at 1:21 (PP)
2. Sabres , Nino Niederreiter 18 (Brandon Saad 23, Kyle Turris 30) at 12:23
3. Canucks , Michael Matheson 3 (Marcus Kruger 2, Anthony Beauvillier 8) at 18:24

Penalties :
Nino Niederreiter (BUF) for Roughing (Minor) at 0:37, Alex Pietrangelo (VAN) for Hooking (Minor) at 5:54, Alex Pietrangelo (VAN) for Roughing (Minor) at 8:25

2nd period

4. Canucks , Evander Kane 18 (Mattias Ekholm 17) at 9:02
5. Sabres , Kyle Turris 17 (Jake McCabe 10, Nino Niederreiter 23) at 15:37

Penalties :
Chris Kreider (VAN) for Roughing (Minor) at 8:07, Ryan Murray (BUF) for Tripping (Minor) at 8:07, Jake McCabe (BUF) for Roughing (Minor) at 18:33

3rd period

6. Sabres , Brandon Saad 20 (Tyler Myers 9, Nino Niederreiter 24) at 11:34
7. Canucks , Jonathan Marchessault 14 (Adam Henrique 15) at 14:32

Penalties :
Anders Lee (BUF) for Interference (Minor) at 7:10, Adam Henrique (VAN) for Roughing (Minor) at 18:40

Goalie Stats

Thomas Greiss (BUF), 27 saves from 31 shots - (0.871), L, 21-11-4, 59:02 minutes
Devan Dubnyk (VAN), 32 saves from 35 shots - (0.914), W, 15-13-7, 60:00 minutes

Players Stats for Sabres

Player Name              G  A  P  +/- PIM S  H  SB GA TA FO     MP     PP MP  PK MP  
------------------------------------------------------------------------------------
Anders Lee               0  0  0  -1  2   3  2  0  0  0  0/0    16:34   2:27   0:00 
Brandon Saad             1  1  2   2  0   4  3  0  0  0  1/2    19:36   2:50   1:45 
Brett Connolly           0  0  0   0  0   2  0  0  0  0  0/0     6:53   0:00   0:00 
Dan Girardi              0  0  0  -1  0   1  5  2  0  0  0/0    21:18   0:40   1:46 
Jake McCabe              0  1  1   1  2   0  1  0  0  0  0/0    17:16   0:00   1:03 
Jason Zucker             0  0  0  -1  0   2  2  0  0  0  0/2    13:59   0:00   0:00 
Jean-Gabriel Pageau      0  0  0  -1  0   0  1  0  0  0  11/20  16:29   0:00   2:51 
Josh Bailey              0  0  0  -1  0   2  0  0  0  0  0/1    17:34   2:27   0:59 
Kyle Turris              1  1  2   2  0   4  0  1  0  0  17/26  17:51   2:50   0:00 
Markus Hannikainen       0  0  0   0  0   2  0  0  0  0  1/1     6:53   0:00   0:00 
Mathew Dumba             0  0  0   1  0   2  3  0  0  0  0/0    18:25   2:11   0:00 
Nino Niederreiter        1  2  3   3  2   7  2  0  0  0  1/1    16:12   2:50   0:00 
Patrick Eaves            0  0  0  -1  0   0  2  0  0  0  0/1    13:59   0:00   0:00 
Rasmus Ristolainen       0  0  0  -1  0   0  1  1  0  0  0/0    24:25   2:51   2:42 
Ryan Murray              0  0  0   0  2   1  3  0  0  0  0/0    18:31   2:26   1:11 
Ryan Nugent-Hopkins      0  0  0  -1  0   2  1  0  0  0  7/15   17:39   2:27   1:04 
Tyler Myers              0  1  1   0  0   2  1  1  0  0  0/0    20:03   2:26   2:42 
Zach Hyman               0  0  0   0  0   1  1  0  0  0  3/7     9:38   0:00   2:45 

Players Stats for Canucks

Player Name              G  A  P  +/- PIM S  H  SB GA TA FO     MP     PP MP  PK MP  
------------------------------------------------------------------------------------
Adam Henrique            0  2  2   1  2   5  0  0  0  0  13/26  18:14   2:33   2:36 
Alex Pietrangelo         0  0  0  -2  4   0  1  1  0  0  0/0    22:50   2:21   0:36 
Anthony Beauvillier      0  1  1   1  0   1  1  0  0  0  1/1     8:56   1:04   0:33 
Brayden Point            0  0  0  -2  0   1  0  0  0  0  5/14   12:02   0:00   0:00 
Chris Kreider            0  0  0   0  2   4  1  0  0  0  0/0    17:59   1:06   0:20 
Cody Ceci                0  0  0   0  0   4  0  2  0  0  0/0    22:03   1:39   2:28 
Erik Karlsson            0  0  0  -2  0   1  2  0  0  0  0/0    24:06   2:21   3:06 
Evander Kane             1  0  1   1  0   5  1  0  0  0  1/1    19:51   2:32   3:38 
Evgeny Kuznetsov         0  0  0   0  0   2  2  0  0  0  9/21   19:16   1:42   0:00 
Jonathan Marchessault    2  0  2   0  0   3  0  0  0  0  0/1    14:46   2:10   0:00 
Logan Shaw               0  0  0   1  0   0  0  0  0  0  0/0     9:17   0:50   1:19 
Marcus Kruger            0  1  1   1  0   0  0  0  0  0  4/7     9:00   0:00   1:19 
Matt Duchene             0  0  0   0  0   2  0  0  0  0  2/4    19:38   2:04   0:00 
Mattias Ekholm           0  1  1   1  0   0  0  0  0  0  0/0    21:50   1:39   2:48 
Michael Matheson         1  0  1   1  0   1  0  0  0  0  0/0    13:25   0:42   0:00 
Nathan Beaulieu          0  0  0   2  0   1  1  1  0  0  0/0    15:44   0:42   1:36 
Robby Fabbri             0  0  0  -2  0   1  2  0  0  0  0/1    12:33   0:00   0:49 
Ryan Strome              0  0  0  -2  0   0  1  0  0  0  0/0    11:10   0:05   0:00 

3 Stars

1 - Nino Niederreiter (BUF)
2 - Brandon Saad (BUF)
3 - Jonathan Marchessault (VAN)

Power Play

Sabres - 0 on 3 Attempt(s) - 0.00%
Canucks - 1 on 3 Attempt(s) - 33.33%

Penalty Kill

Sabres - 2 on 3 Attempt(s) - 66.67% - Score 0 goal in Penalty Kill
Canucks - 3 on 3 Attempt(s) - 100.00% - Score 0 goal in Penalty Kill

Team Stat

Sabres - Hits : 28 - Faceoff Wins : 41 - Blocked Shots : 5 - Penalty Minutes : 8
Canucks - Hits : 12 - Faceoff Wins : 35 - Blocked Shots : 4 - Penalty Minutes : 8

Official

Referees : Tom Chmielewski and Trevor Hanson
Linesman : Ryan Gibbons and Steve Barton

Game Notes

No Game Note

Finance

Level 1 -- Attendance: 6315 (97.15%) -- Ticket Income 568 350 $
Level 2 -- Attendance: 5000 (100.00%) -- Ticket Income 350 000 $
Level 3 -- Attendance: 3464 (98.97%) -- Ticket Income 162 808 $
Level 4 -- Attendance: 2891 (99.35%) -- Ticket Income 72 275 $
Luxury Box -- Attendance: 685 (68.50%) -- Ticket Income 171 250 $
Game was played at the Rogers Arena.
Total Attendance: 18355 (97.07%)
Total Ticket Income: 1 324 683 $
Other Income: 198 702 $
Total Income: 1 523 385 $

% Time on Ice - Sabres

Lines # - Real PCT - Wanted PCT - Time Play
Normal Forward
1 - 28% - 40% - 13:23
2 - 29% - 30% - 14:08
3 - 28% - 25% - 13:38
4 - 14% - 5% - 6:53
Normal Defense
1 - 34% - 40% - 16:07
2 - 32% - 30% - 15:19
3 - 31% - 20% - 14:55
4 - 4% - 10% - 1:41
PP Forward
1 - 54% - 60% - 2:50
2 - 46% - 40% - 2:27
PP Defense
1 - 54% - 60% - 2:51
2 - 46% - 40% - 2:26
PK Forward
1 - 77% - 60% - 3:38
2 - 23% - 40% - 1:04
PK Defense
1 - 43% - 60% - 2:00
2 - 57% - 40% - 2:42
PK3 Forward
1 - 0% - 60%
2 - 0% - 40%
PK3 Defense
1 - 0% - 60%
2 - 0% - 40%
44 Forward
1 - 100% - 60% - 1:59
2 - 0% - 40% - 0:00
44 Defense
1 - 54% - 60% - 1:04
2 - 46% - 40% - 0:55
Last Minute Offensive  - 0:00
Last Minute Defensive  - 0:00
Total
Forward - 60:00
Defense - 60:00

% Time on Ice - Canucks

Lines # - Real PCT - Wanted PCT - Time Play
Normal Forward
1 - 35% - 37% - 16:40
2 - 26% - 30% - 12:36
3 - 23% - 20% - 11:05
4 - 16% - 13% - 7:41
Normal Defense
1 - 39% - 40% - 18:39
2 - 35% - 35% - 16:40
3 - 26% - 25% - 12:43
4 - 0% - 0% - 0:00
PP Forward
1 - 63% - 60% - 2:59
2 - 37% - 40% - 1:43
PP Defense
1 - 65% - 60% - 3:03
2 - 35% - 40% - 1:39
PK Forward
1 - 75% - 60% - 3:58
2 - 25% - 40% - 1:19
PK Defense
1 - 59% - 60% - 3:06
2 - 41% - 40% - 2:11
PK3 Forward
1 - 0% - 60%
2 - 0% - 40%
PK3 Defense
1 - 0% - 60%
2 - 0% - 40%
44 Forward
1 - 45% - 60% - 0:54
2 - 55% - 40% - 1:05
44 Defense
1 - 36% - 60% - 0:43
2 - 64% - 40% - 1:16
Last Minute Offensive  - 0:00
Last Minute Defensive  - 0:00
Total
Forward - 60:00
Defense - 60:00

Play by Play

1st period


0:01 of 1st period - Kyle Turris wins face-off versus Evgeny Kuznetsov in neutral zone.
0:37 of 1st period - Minor Penalty to Nino Niederreiter for Roughing.
0:38 of 1st period - Jean-Gabriel Pageau wins face-off versus Adam Henrique in Sabres zone.
1:01 of 1st period - Shot by Chris Kreider.
1:01 of 1st period - Stopped by Thomas Greiss without a rebound.
1:02 of 1st period - Evgeny Kuznetsov wins face-off versus Brandon Saad in Sabres zone.
1:19 of 1st period - Shot by Evander Kane.
1:19 of 1st period - Stopped by Thomas Greiss without a rebound.
1:20 of 1st period - Adam Henrique wins face-off versus Jean-Gabriel Pageau in Sabres zone.
1:21 of 1st period - Shot by Jonathan Marchessault.
1:21 of 1st period - Goal by Jonathan Marchessault - Sabres : 0 - Canucks : 1.
1:22 of 1st period - Adam Henrique wins face-off versus Ryan Nugent-Hopkins in neutral zone.
1:40 of 1st period - Shot by Adam Henrique.
1:40 of 1st period - Stopped by Thomas Greiss with a rebound.
1:50 of 1st period - Shot by Jonathan Marchessault.
1:50 of 1st period - Deflect By Evander Kane.
1:50 of 1st period - Stopped by Thomas Greiss with a rebound.
1:58 of 1st period - Mattias Ekholm is hit by Anders Lee and loses puck.
2:18 of 1st period - Shot by Brayden Point.
2:18 of 1st period - Shot Misses the Net.
2:20 of 1st period - Shot by Michael Matheson.
2:20 of 1st period - Shot Misses the Net.
2:37 of 1st period - Shot by Robby Fabbri.
2:37 of 1st period - Shot Misses the Net.
2:39 of 1st period - Shot by Nathan Beaulieu.
2:39 of 1st period - Stopped by Thomas Greiss without a rebound.
2:40 of 1st period - Evgeny Kuznetsov wins face-off versus Patrick Eaves in Sabres zone.
2:40 of 1st period - Alex Pietrangelo is hit by Tyler Myers and loses puck.
3:06 of 1st period - Shot by Jean-Gabriel Pageau.
3:06 of 1st period - Shot Misses the Net.
3:30 of 1st period - Kyle Turris is hit by Evgeny Kuznetsov and loses puck.
3:44 of 1st period - Icing by Dan Girardi.
3:45 of 1st period - Adam Henrique wins face-off versus Kyle Turris in Sabres zone.
3:48 of 1st period - Shot by Evander Kane.
3:48 of 1st period - Shot Blocked by Dan Girardi.
3:50 of 1st period - Shot by Evander Kane.
3:50 of 1st period - Shot Blocked by Dan Girardi.
3:57 of 1st period - Jonathan Marchessault is hit by Dan Girardi and loses puck.
4:48 of 1st period - Shot by Markus Hannikainen.
4:48 of 1st period - Stopped by Devan Dubnyk without a rebound.
4:49 of 1st period - Anthony Beauvillier wins face-off versus Jean-Gabriel Pageau in Canucks zone.
4:49 of 1st period - Marcus Kruger is hit by Patrick Eaves.
4:54 of 1st period - Off-side.
4:55 of 1st period - Jean-Gabriel Pageau wins face-off versus Brayden Point in neutral zone.
4:55 of 1st period - Jean-Gabriel Pageau is hit by Robby Fabbri.
5:54 of 1st period - Minor Penalty to Alex Pietrangelo for Hooking.
5:55 of 1st period - Kyle Turris wins face-off versus Adam Henrique in Canucks zone.
6:00 of 1st period - Shot by Brandon Saad.
6:00 of 1st period - Stopped by Devan Dubnyk without a rebound.
6:01 of 1st period - Kyle Turris wins face-off versus Adam Henrique in Canucks zone.
7:04 of 1st period - Shot by Rasmus Ristolainen.
7:04 of 1st period - Deflect By Ryan Nugent-Hopkins.
7:04 of 1st period - Stopped by Devan Dubnyk without a rebound.
7:05 of 1st period - Adam Henrique wins face-off versus Ryan Nugent-Hopkins in Canucks zone.
8:02 of 1st period - Shot by Jason Zucker.
8:02 of 1st period - Stopped by Devan Dubnyk without a rebound.
8:03 of 1st period - Zach Hyman wins face-off versus Brayden Point in Canucks zone.
8:16 of 1st period - Shot by Zach Hyman.
8:16 of 1st period - Shot Blocked by Nathan Beaulieu.
8:18 of 1st period - Shot by Markus Hannikainen.
8:18 of 1st period - Stopped by Devan Dubnyk without a rebound.
8:19 of 1st period - Kyle Turris wins face-off versus Evgeny Kuznetsov in Canucks zone.
8:19 of 1st period - Kyle Turris is hit by Alex Pietrangelo.
8:24 of 1st period - Brandon Saad is hit by Erik Karlsson and loses puck.
8:25 of 1st period - Minor Penalty to Alex Pietrangelo for Roughing.
8:26 of 1st period - Kyle Turris wins face-off versus Adam Henrique in Canucks zone.
8:26 of 1st period - Kyle Turris is hit by Nathan Beaulieu.
8:54 of 1st period - Shot by Nino Niederreiter.
8:54 of 1st period - Stopped by Devan Dubnyk with a rebound.
8:56 of 1st period - Shot by Brandon Saad.
8:56 of 1st period - Shot Misses the Net.
8:58 of 1st period - Shot by Mathew Dumba.
8:58 of 1st period - Stopped by Devan Dubnyk with a rebound.
9:00 of 1st period - Shot by Nino Niederreiter.
9:00 of 1st period - Stopped by Devan Dubnyk without a rebound.
9:01 of 1st period - Marcus Kruger wins face-off versus Ryan Nugent-Hopkins in Canucks zone.
9:10 of 1st period - Shot by Logan Shaw.
9:10 of 1st period - Shot Misses the Net.
9:50 of 1st period - Shot by Adam Henrique.
9:50 of 1st period - Stopped by Thomas Greiss without a rebound.
9:51 of 1st period - Kyle Turris wins face-off versus Marcus Kruger in Sabres zone.
10:20 of 1st period - Icing by Mathew Dumba.
10:21 of 1st period - Adam Henrique wins face-off versus Kyle Turris in Sabres zone.
11:32 of 1st period - Icing by Josh Bailey.
11:33 of 1st period - Ryan Nugent-Hopkins wins face-off versus Adam Henrique in Sabres zone.
11:33 of 1st period - Ryan Nugent-Hopkins is hit by Evander Kane.
12:08 of 1st period - Shot by Jonathan Marchessault.
12:08 of 1st period - Deflect By Adam Henrique.
12:08 of 1st period - Stopped by Thomas Greiss without a rebound.
12:09 of 1st period - Kyle Turris wins face-off versus Brayden Point in Sabres zone.
12:14 of 1st period - Shot by Mathew Dumba.
12:14 of 1st period - Stopped by Devan Dubnyk with a rebound.
12:17 of 1st period - Icing by Erik Karlsson.
12:18 of 1st period - Kyle Turris wins face-off versus Brayden Point in Canucks zone.
12:23 of 1st period - Shot by Nino Niederreiter.
12:23 of 1st period - Goal by Nino Niederreiter - Sabres : 1 - Canucks : 1.
12:24 of 1st period - Evgeny Kuznetsov wins face-off versus Kyle Turris in neutral zone.
12:28 of 1st period - Erik Karlsson is hit by Dan Girardi and loses puck.
12:35 of 1st period - Shot by Erik Karlsson.
12:35 of 1st period - Stopped by Thomas Greiss without a rebound.
12:36 of 1st period - Jean-Gabriel Pageau wins face-off versus Adam Henrique in Sabres zone.
12:57 of 1st period - Shot by Patrick Eaves.
12:57 of 1st period - Deflect By Jason Zucker.
12:57 of 1st period - Stopped by Devan Dubnyk without a rebound.
12:58 of 1st period - Kyle Turris wins face-off versus Evgeny Kuznetsov in Canucks zone.
13:08 of 1st period - Brandon Saad is hit by Erik Karlsson and loses puck.
13:15 of 1st period - Shot by Nino Niederreiter.
13:15 of 1st period - Shot Blocked by Alex Pietrangelo.
13:21 of 1st period - Shot by Nino Niederreiter.
13:21 of 1st period - Stopped by Devan Dubnyk without a rebound.
13:22 of 1st period - Ryan Nugent-Hopkins wins face-off versus Adam Henrique in Canucks zone.
13:43 of 1st period - Shot by Anders Lee.
13:43 of 1st period - Shot Misses the Net.
13:59 of 1st period - Shot by Evander Kane.
13:59 of 1st period - Shot Misses the Net.
15:12 of 1st period - Shot by Anthony Beauvillier.
15:12 of 1st period - Stopped by Thomas Greiss without a rebound.
15:13 of 1st period - Jean-Gabriel Pageau wins face-off versus Brayden Point in Sabres zone.
15:19 of 1st period - Tyler Myers is hit by Ryan Strome.
15:33 of 1st period - Shot by Brayden Point.
15:33 of 1st period - Stopped by Thomas Greiss with a rebound.
16:32 of 1st period - Shot by Kyle Turris.
16:32 of 1st period - Shot Misses the Net.
16:36 of 1st period - Shot by Kyle Turris.
16:36 of 1st period - Stopped by Devan Dubnyk with a rebound.
17:03 of 1st period - Shot by Brett Connolly.
17:03 of 1st period - Stopped by Devan Dubnyk without a rebound.
17:04 of 1st period - Jean-Gabriel Pageau wins face-off versus Evgeny Kuznetsov in Canucks zone.
17:13 of 1st period - Shot by Patrick Eaves.
17:13 of 1st period - Shot Misses the Net.
17:33 of 1st period - Shot by Evgeny Kuznetsov.
17:33 of 1st period - Shot Misses the Net.
18:14 of 1st period - Shot by Marcus Kruger.
18:14 of 1st period - Shot Misses the Net.
18:16 of 1st period - Shot by Marcus Kruger.
18:16 of 1st period - Shot Misses the Net.
18:18 of 1st period - Shot by Marcus Kruger.
18:18 of 1st period - Shot Misses the Net.
18:22 of 1st period - Shot by Marcus Kruger.
18:22 of 1st period - Shot Blocked by Rasmus Ristolainen.
18:24 of 1st period - Shot by Michael Matheson.
18:24 of 1st period - Goal by Michael Matheson - Sabres : 1 - Canucks : 2.
18:25 of 1st period - Kyle Turris wins face-off versus Brayden Point in neutral zone.
19:22 of 1st period - Shot by Josh Bailey.
19:22 of 1st period - Stopped by Devan Dubnyk with a rebound.
19:24 of 1st period - Shot by Ryan Murray.
19:24 of 1st period - Stopped by Devan Dubnyk with a rebound.
19:26 of 1st period - Shot by Ryan Murray.
19:26 of 1st period - Shot Misses the Net.
19:28 of 1st period - Shot by Ryan Nugent-Hopkins.
19:28 of 1st period - Stopped by Devan Dubnyk with a rebound.
Goals for this period are 1 for Sabres vs 2 for Canucks.
Shots for this period are 17 for Sabres vs 12 for Canucks.

2nd period


0:01 of 2nd period - Kyle Turris wins face-off versus Evgeny Kuznetsov in neutral zone.
0:06 of 2nd period - Shot by Evgeny Kuznetsov.
0:06 of 2nd period - Stopped by Thomas Greiss without a rebound.
0:07 of 2nd period - Nino Niederreiter wins face-off versus Evgeny Kuznetsov in Sabres zone.
0:44 of 2nd period - Evgeny Kuznetsov is hit by Nino Niederreiter and loses puck.
1:29 of 2nd period - Mattias Ekholm is hit by Brandon Saad and loses puck.
2:21 of 2nd period - Shot by Ryan Nugent-Hopkins.
2:21 of 2nd period - Shot Misses the Net.
3:44 of 2nd period - Shot by Jean-Gabriel Pageau.
3:44 of 2nd period - Shot Misses the Net.
3:46 of 2nd period - Shot by Tyler Myers.
3:46 of 2nd period - Stopped by Devan Dubnyk without a rebound.
3:47 of 2nd period - Markus Hannikainen wins face-off versus Adam Henrique in Canucks zone.
3:51 of 2nd period - Icing by Michael Matheson.
3:52 of 2nd period - Zach Hyman wins face-off versus Jonathan Marchessault in Canucks zone.
3:53 of 2nd period - Shot by Tyler Myers.
3:53 of 2nd period - Stopped by Devan Dubnyk without a rebound.
3:54 of 2nd period - Adam Henrique wins face-off versus Jean-Gabriel Pageau in Canucks zone.
4:36 of 2nd period - Shot by Jonathan Marchessault.
4:36 of 2nd period - Stopped by Thomas Greiss without a rebound.
4:37 of 2nd period - Zach Hyman wins face-off versus Evgeny Kuznetsov in Sabres zone.
6:20 of 2nd period - Icing by Alex Pietrangelo.
6:21 of 2nd period - Adam Henrique wins face-off versus Kyle Turris in Canucks zone.
6:42 of 2nd period - Erik Karlsson is hit by Brandon Saad and loses puck.
6:57 of 2nd period - Off-side.
6:58 of 2nd period - Brayden Point wins face-off versus Ryan Nugent-Hopkins in neutral zone.
7:51 of 2nd period - Tyler Myers is hit by Evgeny Kuznetsov and loses puck.
8:07 of 2nd period - Minor Penalty to Chris Kreider for Roughing.
8:07 of 2nd period - Minor Penalty to Ryan Murray for Tripping.
8:08 of 2nd period - Kyle Turris wins face-off versus Matt Duchene in Sabres zone.
9:02 of 2nd period - Shot by Evander Kane.
9:02 of 2nd period - Goal by Evander Kane - Sabres : 1 - Canucks : 3.
9:03 of 2nd period - Matt Duchene wins face-off versus Jason Zucker in neutral zone.
9:07 of 2nd period - Nathan Beaulieu is hit by Dan Girardi and loses puck.
9:19 of 2nd period - Evgeny Kuznetsov is hit by Dan Girardi.
9:23 of 2nd period - Shot by Matt Duchene.
9:23 of 2nd period - Stopped by Thomas Greiss without a rebound.
9:24 of 2nd period - Kyle Turris wins face-off versus Adam Henrique in Sabres zone.
10:24 of 2nd period - Marcus Kruger is hit by Patrick Eaves and loses puck.
10:30 of 2nd period - Icing by Michael Matheson.
10:31 of 2nd period - Ryan Nugent-Hopkins wins face-off versus Marcus Kruger in Canucks zone.
10:34 of 2nd period - Shot by Anders Lee.
10:34 of 2nd period - Stopped by Devan Dubnyk without a rebound.
10:35 of 2nd period - Evgeny Kuznetsov wins face-off versus Ryan Nugent-Hopkins in Canucks zone.
11:06 of 2nd period - Shot by Anders Lee.
11:06 of 2nd period - Stopped by Devan Dubnyk with a rebound.
11:08 of 2nd period - Shot by Jake McCabe.
11:08 of 2nd period - Shot Misses the Net.
11:22 of 2nd period - Tyler Myers is hit by Chris Kreider and loses puck.
11:54 of 2nd period - Shot by Jean-Gabriel Pageau.
11:54 of 2nd period - Shot Misses the Net.
12:28 of 2nd period - Shot by Brett Connolly.
12:28 of 2nd period - Deflect By Markus Hannikainen.
12:28 of 2nd period - Shot Misses the Net.
13:17 of 2nd period - Shot by Anthony Beauvillier.
13:17 of 2nd period - Shot Misses the Net.
14:28 of 2nd period - Tyler Myers is hit by Robby Fabbri.
14:29 of 2nd period - Icing by Tyler Myers.
14:30 of 2nd period - Ryan Nugent-Hopkins wins face-off versus Evgeny Kuznetsov in Sabres zone.
14:57 of 2nd period - Icing by Patrick Eaves.
14:58 of 2nd period - Brayden Point wins face-off versus Jean-Gabriel Pageau in Sabres zone.
15:26 of 2nd period - Icing by Brayden Point.
15:27 of 2nd period - Kyle Turris wins face-off versus Brayden Point in Canucks zone.
15:37 of 2nd period - Shot by Kyle Turris.
15:37 of 2nd period - Goal by Kyle Turris - Sabres : 2 - Canucks : 3.
15:38 of 2nd period - Ryan Nugent-Hopkins wins face-off versus Evgeny Kuznetsov in neutral zone.
15:56 of 2nd period - Shot by Josh Bailey.
15:56 of 2nd period - Stopped by Devan Dubnyk without a rebound.
15:57 of 2nd period - Adam Henrique wins face-off versus Kyle Turris in Canucks zone.
15:57 of 2nd period - Adam Henrique is hit by Nino Niederreiter.
16:08 of 2nd period - Shot by Evander Kane.
16:08 of 2nd period - Deflect By Jonathan Marchessault.
16:08 of 2nd period - Shot Misses the Net.
16:10 of 2nd period - Shot by Cody Ceci.
16:10 of 2nd period - Stopped by Thomas Greiss without a rebound.
16:11 of 2nd period - Evgeny Kuznetsov wins face-off versus Jason Zucker in Sabres zone.
16:24 of 2nd period - Shot by Chris Kreider.
16:24 of 2nd period - Shot Misses the Net.
16:32 of 2nd period - Shot by Patrick Eaves.
16:32 of 2nd period - Shot Misses the Net.
16:34 of 2nd period - Shot by Patrick Eaves.
16:34 of 2nd period - Shot Misses the Net.
16:52 of 2nd period - Erik Karlsson is hit by Ryan Murray and loses puck.
17:13 of 2nd period - Shot by Kyle Turris.
17:13 of 2nd period - Shot Misses the Net.
17:24 of 2nd period - Icing by Erik Karlsson.
17:25 of 2nd period - Matt Duchene wins face-off versus Ryan Nugent-Hopkins in Canucks zone.
17:57 of 2nd period - Icing by Cody Ceci.
17:58 of 2nd period - Adam Henrique wins face-off versus Kyle Turris in Canucks zone.
17:58 of 2nd period - Adam Henrique is hit by Brandon Saad.
18:08 of 2nd period - Shot by Adam Henrique.
18:08 of 2nd period - Shot Misses the Net.
18:10 of 2nd period - Shot by Evander Kane.
18:10 of 2nd period - Stopped by Thomas Greiss without a rebound.
18:11 of 2nd period - Brayden Point wins face-off versus Zach Hyman in Sabres zone.
18:11 of 2nd period - Brayden Point is hit by Rasmus Ristolainen.
18:31 of 2nd period - Shot by Robby Fabbri.
18:31 of 2nd period - Stopped by Thomas Greiss without a rebound.
18:32 of 2nd period - Marcus Kruger wins face-off versus Kyle Turris in Sabres zone.
18:32 of 2nd period - Marcus Kruger is hit by Jake McCabe.
18:33 of 2nd period - Minor Penalty to Jake McCabe for Roughing.
18:34 of 2nd period - Adam Henrique wins face-off versus Jean-Gabriel Pageau in Sabres zone.
18:53 of 2nd period - Shot by Adam Henrique.
18:53 of 2nd period - Shot Misses the Net.
18:55 of 2nd period - Shot by Chris Kreider.
18:55 of 2nd period - Stopped by Thomas Greiss without a rebound.
18:56 of 2nd period - Evgeny Kuznetsov wins face-off versus Jean-Gabriel Pageau in Sabres zone.
Goals for this period are 1 for Sabres vs 1 for Canucks.
Shots for this period are 6 for Sabres vs 8 for Canucks.

3rd period


0:01 of 3rd period - Evgeny Kuznetsov wins face-off versus Jean-Gabriel Pageau in neutral zone.
0:35 of 3rd period - Shot by Evander Kane.
0:35 of 3rd period - Shot Misses the Net.
0:37 of 3rd period - Shot by Mattias Ekholm.
0:37 of 3rd period - Shot Blocked by Kyle Turris.
1:09 of 3rd period - Robby Fabbri is hit by Mathew Dumba and loses puck.
1:28 of 3rd period - Josh Bailey is hit by Anthony Beauvillier.
2:45 of 3rd period - Shot by Chris Kreider.
2:45 of 3rd period - Stopped by Thomas Greiss without a rebound.
2:46 of 3rd period - Adam Henrique wins face-off versus Zach Hyman in Sabres zone.
2:46 of 3rd period - Adam Henrique is hit by Mathew Dumba.
2:49 of 3rd period - Evander Kane is hit by Mathew Dumba.
2:51 of 3rd period - Shot by Adam Henrique.
2:51 of 3rd period - Stopped by Thomas Greiss with a rebound.
3:05 of 3rd period - Shot by Zach Hyman.
3:05 of 3rd period - Stopped by Devan Dubnyk without a rebound.
3:06 of 3rd period - Kyle Turris wins face-off versus Brayden Point in Canucks zone.
4:26 of 3rd period - Erik Karlsson is hit by Anders Lee and loses puck.
4:32 of 3rd period - Icing by Erik Karlsson.
4:33 of 3rd period - Brayden Point wins face-off versus Jean-Gabriel Pageau in Canucks zone.
4:33 of 3rd period - Brayden Point is hit by Jean-Gabriel Pageau.
5:18 of 3rd period - Icing by Erik Karlsson.
5:19 of 3rd period - Brayden Point wins face-off versus Zach Hyman in Canucks zone.
5:19 of 3rd period - Brayden Point is hit by Zach Hyman.
5:39 of 3rd period - Shot by Brett Connolly.
5:39 of 3rd period - Stopped by Devan Dubnyk with a rebound.
5:41 of 3rd period - Shot by Ryan Murray.
5:41 of 3rd period - Shot Blocked by Cody Ceci.
6:27 of 3rd period - Shot by Brandon Saad.
6:27 of 3rd period - Deflect By Nino Niederreiter.
6:27 of 3rd period - Shot Misses the Net.
6:29 of 3rd period - Shot by Kyle Turris.
6:29 of 3rd period - Shot Blocked by Cody Ceci.
6:31 of 3rd period - Shot by Dan Girardi.
6:31 of 3rd period - Stopped by Devan Dubnyk with a rebound.
6:33 of 3rd period - Shot by Nino Niederreiter.
6:33 of 3rd period - Stopped by Devan Dubnyk with a rebound.
7:10 of 3rd period - Minor Penalty to Anders Lee for Interference.
7:11 of 3rd period - Jean-Gabriel Pageau wins face-off versus Adam Henrique in Sabres zone.
7:59 of 3rd period - Shot by Erik Karlsson.
7:59 of 3rd period - Shot Misses the Net.
9:00 of 3rd period - Shot by Cody Ceci.
9:00 of 3rd period - Stopped by Thomas Greiss with a rebound.
9:02 of 3rd period - Shot by Cody Ceci.
9:02 of 3rd period - Stopped by Thomas Greiss with a rebound.
9:04 of 3rd period - Shot by Cody Ceci.
9:04 of 3rd period - Stopped by Thomas Greiss without a rebound.
9:05 of 3rd period - Jean-Gabriel Pageau wins face-off versus Evgeny Kuznetsov in Sabres zone.
9:30 of 3rd period - Shot by Chris Kreider.
9:30 of 3rd period - Shot Misses the Net.
10:06 of 3rd period - Shot by Evander Kane.
10:06 of 3rd period - Stopped by Thomas Greiss with a rebound.
10:08 of 3rd period - Shot by Evander Kane.
10:08 of 3rd period - Shot Misses the Net.
10:32 of 3rd period - Icing by Mattias Ekholm.
10:33 of 3rd period - Jean-Gabriel Pageau wins face-off versus Evgeny Kuznetsov in Canucks zone.
11:02 of 3rd period - Marcus Kruger is hit by Jason Zucker.
11:20 of 3rd period - Off-side.
11:21 of 3rd period - Ryan Nugent-Hopkins wins face-off versus Adam Henrique in neutral zone.
11:24 of 3rd period - Shot by Anders Lee.
11:24 of 3rd period - Stopped by Devan Dubnyk without a rebound.
11:25 of 3rd period - Brandon Saad wins face-off versus Adam Henrique in Canucks zone.
11:28 of 3rd period - Shot by Kyle Turris.
11:28 of 3rd period - Shot Misses the Net.
11:30 of 3rd period - Shot by Nino Niederreiter.
11:30 of 3rd period - Stopped by Devan Dubnyk with a rebound.
11:34 of 3rd period - Shot by Brandon Saad.
11:34 of 3rd period - Goal by Brandon Saad - Sabres : 3 - Canucks : 3.
11:35 of 3rd period - Evgeny Kuznetsov wins face-off versus Ryan Nugent-Hopkins in neutral zone.
11:40 of 3rd period - Shot by Chris Kreider.
11:40 of 3rd period - Stopped by Thomas Greiss with a rebound.
11:42 of 3rd period - Shot by Michael Matheson.
11:42 of 3rd period - Shot Misses the Net.
11:44 of 3rd period - Shot by Chris Kreider.
11:44 of 3rd period - Shot Blocked by Tyler Myers.
12:10 of 3rd period - Shot by Evgeny Kuznetsov.
12:10 of 3rd period - Stopped by Thomas Greiss without a rebound.
12:11 of 3rd period - Adam Henrique wins face-off versus Kyle Turris in Sabres zone.
12:20 of 3rd period - Shot by Kyle Turris.
12:20 of 3rd period - Stopped by Devan Dubnyk without a rebound.
12:21 of 3rd period - Jean-Gabriel Pageau wins face-off versus Brayden Point in Canucks zone.
13:37 of 3rd period - Shot by Brandon Saad.
13:37 of 3rd period - Stopped by Devan Dubnyk without a rebound.
13:38 of 3rd period - Evgeny Kuznetsov wins face-off versus Josh Bailey in Canucks zone.
14:32 of 3rd period - Shot by Jonathan Marchessault.
14:32 of 3rd period - Goal by Jonathan Marchessault - Sabres : 3 - Canucks : 4.
14:33 of 3rd period - Marcus Kruger wins face-off versus Kyle Turris in neutral zone.
14:43 of 3rd period - Shot by Brandon Saad.
14:43 of 3rd period - Stopped by Devan Dubnyk without a rebound.
14:44 of 3rd period - Evander Kane wins face-off versus Jean-Gabriel Pageau in Canucks zone.
14:58 of 3rd period - Evander Kane is hit by Dan Girardi and loses puck.
15:15 of 3rd period - Shot by Adam Henrique.
15:15 of 3rd period - Stopped by Thomas Greiss without a rebound.
15:16 of 3rd period - Kyle Turris wins face-off versus Evgeny Kuznetsov in Sabres zone.
15:23 of 3rd period - Shot by Brandon Saad.
15:23 of 3rd period - Shot Misses the Net.
15:41 of 3rd period - Shot by Nino Niederreiter.
15:41 of 3rd period - Stopped by Devan Dubnyk without a rebound.
15:42 of 3rd period - Ryan Nugent-Hopkins wins face-off versus Marcus Kruger in Canucks zone.
15:50 of 3rd period - Off-side.
15:51 of 3rd period - Jean-Gabriel Pageau wins face-off versus Adam Henrique in neutral zone.
15:54 of 3rd period - Adam Henrique is hit by Jason Zucker and loses puck.
16:35 of 3rd period - Adam Henrique is hit by Ryan Murray and loses puck.
16:43 of 3rd period - Icing by Ryan Murray.
16:44 of 3rd period - Jean-Gabriel Pageau wins face-off versus Matt Duchene in Sabres zone.
17:05 of 3rd period - Shot by Kyle Turris.
17:05 of 3rd period - Stopped by Devan Dubnyk without a rebound.
17:06 of 3rd period - Marcus Kruger wins face-off versus Ryan Nugent-Hopkins in Canucks zone.
17:06 of 3rd period - Marcus Kruger is hit by Ryan Nugent-Hopkins.
17:33 of 3rd period - Shot by Logan Shaw.
17:33 of 3rd period - Shot Misses the Net.
18:25 of 3rd period - Shot by Matt Duchene.
18:25 of 3rd period - Stopped by Thomas Greiss without a rebound.
18:26 of 3rd period - Adam Henrique wins face-off versus Zach Hyman in Sabres zone.
18:26 of 3rd period - Cody Ceci is hit by Ryan Murray and loses puck.
18:40 of 3rd period - Minor Penalty to Adam Henrique for Roughing.
18:41 of 3rd period - Kyle Turris wins face-off versus Robby Fabbri in Canucks zone.
19:02 of 3rd period - Sabres, Thomas Greiss is pulled from the net.
Goals for this period are 1 for Sabres vs 1 for Canucks.
Shots for this period are 12 for Sabres vs 11 for Canucks.